 Dungeon Crawl Stone Soup version 0.28-b1-70-g80dc712255 (webtiles) character file.

Game seed: 1909519557576978716

290 crazypyro the Cudgeller (level 6, -1/62 HPs)
             Began as an Ogre Monk on Feb 3, 2022.
             Slain by a jelly (3 damage)
             ... on level 3 of the Dungeon.
             The game lasted 00:03:38 (3786 turns).

crazypyro the Cudgeller (Ogre Monk)                 Turns: 3786, Time: 00:03:38

Health: -1/62      AC: -1    Str: 18    XL:     6   Next: 32%
Magic:  6/6        EV: 10    Int: 11    God:
Gold:   200        SH:  0    Dex: 13    Spells: 5/5 levels left

rFire   . . .      SeeInvis .   i - +3 whip (freeze)
rCold   . . .      Faith    .   (no shield)
rNeg    . . .      Spirit   .   b - +0 robe
rPois   +          Reflect  .   (helmet restricted)
rElec   .          Harm     .   (no cloak)
rCorr   .          Rampage  .   (gloves unavailable)
Will    .....      Rage     1%  (boots unavailable)
Stlth   ++........              (no amulet)
HPRegen 0.20/turn               (no ring)
MPRegen 0.10/turn               (no ring)

@: corroded
A: large, unfitting armour, tough skin 1, agile 1, berserk 1, poison resistance
a: no special abilities


You were on level 3 of the Dungeon.
You visited 1 branch of the dungeon, and saw 4 of its levels.

You collected 200 gold pieces.

Inventory:

Hand Weapons
 a - a +0 mace
 h - a +0 vorpal flail
 i - a +3 whip of freezing (weapon)
Armour
 b - a +0 robe (worn)
Scrolls
 c - a scroll of magic mapping {unknown}
 d - a scroll of fog {unknown}
 f - 3 scrolls of identify {unknown}
 j - a scroll of enchant armour {unknown}
Potions
 e - a potion of haste {unknown}
 g - a potion of brilliance {unknown}
 k - a potion of might {unknown}
 l - a potion of flight {unknown}


   Skills:
 - Level 4.0 Fighting
 * Level 6.3 Maces & Flails
 - Level 2.6 Dodging
 - Level 1.4 Stealth


You had 5 spell levels left.
You didn't know any spells.
Your spell library contained the following spells:

 Spells                   Type           Power      Damage    Failure   Level
 Animate Skeleton         Necr           0%         N/A       34%         1


Dungeon Overview and Level Annotations

Branches:
Dungeon (4/15)
 Temple: D:4-7

Altars:


Innate Abilities, Weirdness & Mutations

You are too large for most types of armour.
You have tough skin. (AC +1)
You are agile. (Dex +2)
You tend to lose your temper in combat.
Your system is resistant to poisons. (rPois)


Message History

The endoplasm is heavily wounded.
The endoplasm hits you but does no damage.
You hit the endoplasm. You freeze the endoplasm.
You kill the endoplasm!
You whack the endoplasm! You freeze the endoplasm.
You kill the endoplasm!
There is an open door here.
The jelly hits the fungus.
The fungus begins to die.
The fungus is splashed with acid.
The acid corrodes the fungus!
There is an open door here.
Things that are here:
a +0 short sword; 3 stones You whack the endoplasm!
You freeze the endoplasm.
You kill the endoplasm!
Things that are here:
a +0 short sword; 3 stones You whack the endoplasm!
You freeze the endoplasm.
You kill the endoplasm!
A jelly is nearby!
There is an open door here.
Things that are here:
a +0 short sword; 3 stones A jelly is nearby!
Things that are here:
a +0 short sword; 3 stones The jelly hits you.
You are splashed with acid!
You hit the jelly but do no damage.
Your hands burn!
The jelly hits you but does no damage.
You hit the jelly. You freeze the jelly.
Your hands burn!
* * * LOW HITPOINT WARNING * * *
The jelly is lightly wounded.
The jelly hits you.
* * * LOW HITPOINT WARNING * * *
The acid corrodes you!
You are splashed with acid!
* * * LOW HITPOINT WARNING * * *
You hit the jelly but do no damage.
Your hands burn!
* * * LOW HITPOINT WARNING * * *
The jelly is lightly wounded.
The jelly hits you.
You die...

#.....# #.......# #......#.#
#.....# #.......# ########.#
#.....# #.......# #.# ##.....#
######### #.# .......#########
#)# ...##.###...J..########## #)#
...##.###.P....'##......######)#
...##>.##......#J#.......##.##)#
...##..##...P..#@#......).'.##.#
...##..##...÷..#)#........'..#.#
...##..##....÷.#.#'#......'....#
#......##.÷....#.#.#.....##.##.#
#.####.##.÷.P..#.#.#....######.##
#.# #.##)÷.÷..##.####### #......
#'## #.# ###########...>.. ...#
#.#############..)..##...... ...#
#...))......................


You could see a jelly.

Vanquished Creatures
  A wyvern skeleton (D:4)
  2 jellies (D:3)
  4 gnolls
  4 adders
  2 worms (D:2)
  2 dart slugs
  4 orcs (D:3)
  6 ball pythons
  12 endoplasms
  4 giant cockroaches
  5 hobgoblins
  5 jackals
  3 quokkas
  10 bats
  6 frilled lizards
  3 goblins
  11 kobolds
  5 rats
89 creatures vanquished.

Vanquished Creatures (others)
  7 fungi (D:3)
  8 toadstools (D:3)
15 creatures vanquished.

Grand Total: 104 creatures vanquished

Notes
Turn   | Place    | Note
-------+----------+-------------------------------------------
     0 | D:1      | crazypyro the Ogre Monk began the quest for the Orb.
     0 | D:1      | Reached XP level 1. HP: 24/24 MP: 1/1
    72 | D:1      | Found a faded altar of an unknown god.
   121 | D:1      | Got Plato's Disquisition on Evil Rites
   131 | D:1      | Reached skill level 3 in Maces & Flails
   323 | D:1      | Reached XP level 2. HP: 22/32 MP: 2/2
   806 | D:1      | Reached XP level 3. HP: 10/39 MP: 3/3
  1850 | D:2      | Reached skill level 4 in Maces & Flails
  1936 | D:2      | Reached XP level 4. HP: 43/48 MP: 4/4
  2634 | D:3      | You fall into a shaft and drop 1 floor!
  2681 | D:4      | Reached skill level 5 in Maces & Flails
  2681 | D:4      | Reached XP level 5. HP: 27/54 MP: 5/5
  2984 | D:3      | Gained mutation: You tend to lose your temper in combat.
                  | [potion of mutation]
  2984 | D:3      | Gained mutation: Your system is resistant to poisons.
                  | (rPois) [potion of mutation]
  2984 | D:3      | Gained mutation: You are agile. (Dex +2) [potion of
                  | mutation]
  2984 | D:3      | HP: 1/54 [gnoll (3)]
  3749 | D:3      | Reached skill level 6 in Maces & Flails
  3749 | D:3      | Reached XP level 6. HP: 32/62 MP: 6/6
  3786 | D:3      | HP: 2/62 [acid (2)]
  3786 | D:3      | Slain by a jelly

Illustrated notes

Levels and vault maps discovered:
D:1:      co_arrival_random_square_maze, layout_basic,
          shapermc_ecumenical_altar_rom_forum, grunt_decor_fettered,
          amcnicky_mini_corridor_feature
D:2:      layout_basic
D:3:      cheibrodos_fertilizer, layout_basic
D:4:      old_forge, layout_layer_cave, serial_glass, glass_columns_a,
          glass_columns_b, uniq_grinder

Skill      XL: |  1  2  3  4  5 |
---------------+----------------+-----
Maces & Flails | 3 4 5 6 |  6.3
Fighting       | |  4.0
Dodging        | |  2.6
Stealth        | |  1.4

Action                   |  1- 3 |  4- 6 || total
-------------------------+-------+-------++-------
Melee: Mace              |    97 |       ||    97
       Punch             |     4 |     1 ||     5
       Flail             |    22 |     2 ||    24
       Whip              |       |   127 ||   127
  Use: Potion            |       |     2 ||     2
 Stab: Sleeping          |     4 |     5 ||     9
Armor: Robe              |    58 |    35 ||    93
Dodge: Dodged            |    89 |    47 ||   136
